AoeStats
← ASTHAROTH

Arena

509694189Analyzed
2v2 RM · 4d ago on Sep 27, 2026· 86m 19s· 4 players
Game mode
Random Map
Map size
Medium (4 player)
Population
200
Speed
Normal
Resources
Standard
Victory
Conquest
Starting age
Dark Age
Ending age
Imperial Age
RankedLock teamsTeams togetherTeam positionsShared explorationLock speedFull tech treeHidden civsTurbo modeCheats
Victory
Defeat
🇧🇴 Celts · Bolivia
587
+14
🇦🇷 Aztecs · Argentina
580
+15
🇫🇷 Vikings · France
568
-26
🇫🇷 Vietnamese · France
534
-20
ASTHAROTH
1:24 Loom
14:09 Feudal Age
14:41 Horse Collar
14:50 Double-Bit Axe
24:49 Castle Age
23:43 Stone Mining
24:45 Gold Mining
26:12 Gold Shaft Mining
25:42 Heavy Plow
25:56 Bow Saw
29:25 Arson
29:41 Squires
29:49 Scale Mail Armor
30:00 Forging
29:58 Scale Barding Armor
29:55 Padded Archer Armor
29:46 Fletching
32:17 Crossbowman
40:23 Imperial Age
41:44 Elite Berserk
43:17 Capped Ram
49:51 Chieftains
50:07 Siege Ram
50:30 Arbalester
56:49 Onager
Golos_Le_Gris
2:43 Loom
14:50 Feudal Age
15:16 Double-Bit Axe
15:20 Horse Collar
15:58 Town Watch
18:56 Wheelbarrow
19:21 Gold Mining
19:22 Stone Mining
24:16 Castle Age
25:53 Stone Shaft Mining
25:31 Bow Saw
25:25 Heavy Plow
26:12 Scale Barding Armor
27:21 Thumb Ring
26:40 Crossbowman
30:14 Hand Cart
30:34 Fletching
30:45 Padded Archer Armor
30:59 Forging
31:11 Chain Barding Armor
31:45 Bodkin Arrow
33:09 Leather Archer Armor
33:29 Iron Casting
34:48 Ballistics
35:02 Husbandry
35:18 Bloodlines
37:08 Chatras
41:45 Imperial Age
42:32 Bracer
43:03 Ring Archer Armor
43:08 Plate Barding Armor
41:57 Elite Rattan Archer
43:55 Chemistry
44:21 Two-Man Saw
44:13 Paper Money
44:48 Town Patrol
44:21 Elite Fire Lancer
45:12 Elite Battle Elephant
48:57 Heated Shot
83:26 Scale Mail Armor
ElMatidroga2
0:29 Loom
11:16 Feudal Age
11:56 Double-Bit Axe
12:00 Horse Collar
13:31 Wheelbarrow
15:49 Arson
15:24 Man-at-Arms
17:09 Gold Mining
21:48 Castle Age
20:03 Scale Mail Armor
20:14 Forging
20:52 Stone Mining
23:35 Hand Cart
25:00 Stone Shaft Mining
29:52 Bow Saw
32:14 Fervor
32:48 Gold Shaft Mining
32:24 Squires
32:10 Gambesons
31:49 Long Swordsman
34:28 Town Watch
38:13 Treadmill Crane
38:54 Ballistics
39:25 Atlatl
39:49 Murder Holes
43:44 Imperial Age
41:15 Town Patrol
41:13 Fletching
41:23 Padded Archer Armor
41:39 Chain Mail Armor
41:50 Elite Skirmisher
44:52 Block Printing
45:19 Theocracy
45:31 Conscription
45:32 Garland Wars
45:48 Elite Jaguar Warrior
47:09 Iron Casting
47:05 Plate Mail Armor
46:30 Bodkin Arrow
50:42 Blast Furnace
49:43 Bracer
49:59 Leather Archer Armor
51:28 Heavy Plow
52:24 Pikeman
52:28 Two-Handed Swordsman
55:01 Crop Rotation
59:15 Eagle Warrior
61:20 Chemistry
60:26 Siege Engineers
60:27 Elite Eagle Warrior
60:45 Onager
64:42 Siege Onager
74:34 Caravan
✪Louis
0:47 Loom
14:46 Feudal Age
21:34 Horse Collar
22:30 Wheelbarrow
21:45 Double-Bit Axe
22:17 Town Watch
55:30 Man-at-Arms
58:52 Gold Mining
58:55 Stone Mining
61:09 Castle Age
59:52 Arson
60:36 Forging
60:27 Scale Mail Armor
61:00 Fletching
62:36 Iron Casting
62:15 Bow Saw
62:23 Hand Cart
62:56 Gold Shaft Mining
63:01 Stone Shaft Mining
61:53 Long Swordsman
61:55 Pikeman
62:20 Gambesons
62:57 Chain Mail Armor
63:33 Husbandry
63:42 Town Patrol
65:02 Heavy Plow
71:41 Imperial Age
71:44 Halberdier
71:52 Capped Ram
71:55 Two-Handed Swordsman
73:50 Blast Furnace
75:13 Elite Woad Raider
76:38 Stronghold
78:27 Plate Mail Armor
79:52 Champion
81:13 Caravan
Connection lost

Rejoining the realm…

Still unreachable

The connection could not be restored.

Session expired

The server has moved on; the page needs a fresh start.